Map: El Dorado

Players

Harstem - Winner!

  • Race: Protoss Protoss
  • League: Grandmaster
  • Spawn Location: 5:00

BabyMarine

  • Race: Terran Terran
  • Spawn Location: 7:00

Event: HomeStory Cup XXVI

VOD

Have the link to the VOD?

Description

Time

  • Played on: Nov. 30, 2024, 3:41 p.m.
  • Length: 19:24

All games in this series

Show
View Real Time Build Order
Export as new Build Order

Harstem Protoss - Winner!

Build Orders: 1 Gate Expand, Phoenix Opening 

Get SALT Encoding   

  12  0:00  Probe  
  13  0:12  Probe  
  14  0:17  Pylon  
  14  0:24  Probe  
  15  0:32  Probe  
  15  0:37  Gateway  
  15  0:40  Probe  
  16  0:47  Assimilator  
  17  0:51  Probe  
  18  1:03  Probe  
  19  1:19  Nexus  
  19  1:29  Cybernetics Core  
  19  1:32  Probe  
  20  1:38  Assimilator  
  20  1:44  Probe  
  21  1:48  Pylon  
  20  1:56  Adept, Probe  
  23  2:08  Probe  
  24  2:18  Adept  
  24  2:20  Probe  
  24  2:21  Stargate  
  27  2:32  Probe  
  27  2:33  Probe  
  29  2:38  Warp Gate  
  29  2:44  Probe  
  30  2:45  Probe  
  31  2:56  Probe  
  31  2:57  Phoenix, Probe  
  35  3:08  Probe  
  35  3:09  Probe  
  37  3:20  Probe, Phoenix  
  37  3:24  Pylon  
  40  3:27  Probe  
  41  3:36  Nexus  
  41  3:37  Probe  
  41  3:40  Probe, Phoenix  
  45  3:50  Probe  
  45  3:53  Probe  
  47  3:59  Gateway  
  47  4:02  Probe, Pylon  
  48  4:06  Phoenix  
  50  4:10  Probe  
  50  4:15  Probe  
  52  4:24  Probe  
  53  4:30  Probe  
  54  4:36  Adept  
  54  4:37  Probe  
  54  4:38  Phoenix  
  58  4:43  Assimilator, Probe  
  59  4:47  Forge, Protoss Ground Armor Level 1  
  59  4:51  Twilight Council  
  59  4:53  Probe  
  59  4:55  Probe  
  59  4:58  Probe  
  61  5:03  Probe  
  61  5:05  Probe  
  61  5:06  Probe  
  65  5:11  Charge  
  65  5:12  Probe  
  67  5:15  Sentry  
  67  5:16  Zealot, Probe  
  67  5:17  Probe  
  67  5:18  Pylon  
  72  5:24  Probe  
  74  5:28  Probe  
  74  5:29  Probe  
  74  5:34  Phoenix  
  77  5:36  Probe  
  77  5:38  Gateway  
  77  5:40  Gateway  
  77  5:41  Probe  
  80  5:47  Pylon  
  80  5:48  Gateway  
  80  5:49  Gateway  
  80  5:55  Gateway  
  80  5:56  Gateway, Sentry  
  81  5:59  Pylon  
  81  6:00  Probe x2  
  83  6:09  Zealot  
  86  6:16  Probe  
  86  6:17  Robotics Facility  
  86  6:20  Nexus  
  86  6:23  Zealot  
  88  6:27  Pylon  
  88  6:28  Assimilator, Probe  
  89  6:33  Probe  
  89  6:35  Probe, Protoss Ground Weapons Level 1  
  91  6:40  Probe  
  91  6:44  Zealot x4  
  91  6:45  Forge  
  100  6:48  Probe  
  100  6:50  Probe  
  100  6:52  Pylon  
  100  6:53  Probe  
  103  6:54  Zealot x3  
  103  6:59  Pylon  
  103  7:00  Warp Prism  
  109  7:06  Robotics Bay  
  109  7:10  Zealot x2, Probe  
  116  7:17  Probe  
  116  7:19  Probe  
  116  7:22  Protoss Ground Armor Level 2, Probe  
  119  7:31  Zealot x3  
  119  7:32  Observer  
  119  7:34  Pylon  
  119  7:35  Zealot x4  
  119  7:36  Zealot  
  135  7:42  Robotics Facility  
  135  7:43  Probe  
  137  7:55  Pylon  
  135  8:02  Probe  
  135  8:03  Zealot x6  
  148  8:09  Protoss Ground Weapons Level 2, Colossus  
  148  8:10  Pylon  
  148  8:11  Pylon  
  148  8:12  Probe x2, Pylon  
  152  8:23  Probe  
  152  8:24  Probe x2  
  155  8:28  Gateway, Probe  
  155  8:29  Gateway  
  156  8:35  Probe  
  156  8:38  Probe x2  
  156  8:40  Colossus  
  157  8:42  Nexus  
  157  8:47  Zealot x8  
  142  8:57  Extended Thermal Lance  
  140  9:08  Sentry  
  140  9:09  Zealot, Stalker x4  
  152  9:12  Blink  
  152  9:16  Zealot x2  
  151  9:26  Colossus  
  151  9:27  Probe  
  151  9:29  Probe, Immortal  
  151  9:31  Stalker x2  
  153  9:37  Probe  
  153  9:38  Probe  
  155  9:41  Probe  
  155  9:42  Pylon, Probe  
  155  9:43  Pylon  
  161  9:50  Zealot x2  
  161  9:51  Stalker x2  
  159  9:56  Probe  
  159  9:58  Pylon  
  159  9:59  Stalker, Zealot x4  
  170  10:05  Zealot  
  172  10:13  Stalker x2  
  176  10:17  Protoss Ground Weapons Level 3  
  170  10:32  Protoss Ground Armor Level 3  
  170  10:33  Zealot x6  
  170  10:34  Zealot x2, Warp Prism  
  188  10:36  Probe  
  188  10:40  Warp Prism  
  189  10:45  Pylon  
  189  10:46  Assimilator  
  189  10:48  Pylon  
  191  10:59  Nexus  
  191  11:00  Pylon  
  191  11:01  Probe  
  192  11:04  Photon Cannon  
  192  11:07  Pylon  
  192  11:08  Probe  
  192  11:09  Photon Cannon  
  192  11:10  Gravitic Drive, Templar Archives, Probe x2  
  195  11:14  Pylon, Photon Cannon  
  195  11:15  Photon Cannon  
  195  11:16  Assimilator x2, Shield Battery  
  195  11:20  Assimilator x2  
  195  11:21  Immortal  
  195  11:33  Stalker x2  
  195  11:34  Psionic Storm  
  197  11:42  Zealot  
  195  12:04  Zealot x6  
  193  12:22  Immortal x2  
  179  12:29  Stalker, Zealot x4  
  153  12:30  Zealot x5, Gateway x2  
  153  12:32  Gateway  
  153  12:33  Gateway  
  153  12:35  Fleet Beacon  
  153  12:36  Probe  
  168  12:37  Stargate  
  168  12:42  Probe  
  168  12:43  Probe  
  168  12:46  Probe  
  168  12:47  Probe  
  168  12:50  Probe x2  
  172  12:52  Photon Cannon  
  172  12:53  High Templar  
  172  12:54  Stalker x2, Zealot x7  
  172  12:55  Photon Cannon  
  192  13:01  Photon Cannon, Immortal  
  193  13:12  Protoss Shields Level 1  
  186  13:13  Probe  
  186  13:16  Zealot x7  
  186  13:17  Probe  
  198  13:22  Photon Cannon  
  198  13:24  Photon Cannon  
  198  13:25  Photon Cannon  
  198  13:27  Protoss Air Weapons Level 1  
  198  13:28  Photon Cannon  
  198  13:29  Photon Cannon x2  
  198  13:30  Shield Battery, Pylon, Photon Cannon  
  198  13:34  Photon Cannon  
  198  13:36  High Templar  
  168  13:56  Zealot x13  
  168  13:57  Immortal  
  168  14:04  Immortal  
  168  14:09  Zealot  
  162  14:16  High Templar  
  162  14:17  Zealot x12  
  174  14:30  Probe  
  167  14:31  Probe, Immortal  
  164  14:39  Stalker x13  
  164  14:43  Immortal  
  184  14:50  Nexus  
  184  14:53  Stalker  
  184  14:58  Tempest x2  
  192  15:06  Stalker  
  192  15:07  Stalker, Zealot x4  
  192  15:10  Immortal  
  194  15:19  High Templar x3  
  194  15:29  High Templar  
  194  15:30  Zealot x3  
  194  15:32  Immortal  
  194  15:41  Tempest  
  196  15:44  Probe  
  196  15:48  Photon Cannon  
  197  15:53  Zealot, Pylon  
  199  16:00  Pylon  
  195  16:07  Immortal  
  195  16:08  Tempest  
  195  16:12  Immortal  
  199  16:18  Pylon  
  183  16:40  Tempest  
  173  16:50  Zealot x3  
  173  16:51  Zealot x10  
  199  16:54  Observer  
  194  17:03  Protoss Air Weapons Level 2  
  194  17:08  Zealot  
  182  17:14  Stalker x12  
  200  17:20  Probe x2  
  187  17:25  Probe  
  179  17:30  Zealot x2  
  165  17:46  Zealot x12  
  185  17:53  Probe  
  185  17:54  Observer  
  185  17:55  Probe  
  182  17:59  Tempest  
  184  18:08  Zealot x8  
  199  18:15  Nexus  
  199  18:22  Zealot  
  177  18:35  Zealot x12  
  193  18:46  Nexus  
  191  18:51  Probe  
  176  19:12  Zealot x13  
Show
View Real Time Build Order
Export as new Build Order

BabyMarine Terran 

Build Orders:  

Get SALT Encoding   

  12  0:00  SCV  
  13  0:12  SCV  
  14  0:17  Supply Depot  
  14  0:24  SCV  
  15  0:39  SCV  
  15  0:40  Barracks  
  16  0:44  Refinery  
  16  0:51  SCV  
  17  1:03  SCV  
  18  1:15  SCV  
  19  1:27  Marine  
  19  1:29  Orbital Command  
  20  1:42  Command Center  
  20  1:54  Factory  
  20  1:57  SCV  
  21  2:05  Supply Depot  
  21  2:07  Barracks Reactor  
  21  2:12  SCV  
  22  2:15  Refinery  
  22  2:24  SCV  
  23  2:36  SCV  
  24  2:40  Starport  
  24  2:48  SCV, Hellion x2  
  29  3:01  Orbital Command  
  29  3:03  SCV  
  30  3:09  Widow Mine x2  
  34  3:14  Supply Depot  
  34  3:16  SCV  
  35  3:21  Medivac  
  37  3:27  SCV  
  37  3:28  SCV  
  37  3:29  Barracks Tech Lab  
  37  3:33  Widow Mine  
  41  3:37  Widow Mine  
  41  3:40  SCV  
  44  3:41  SCV  
  44  3:47  Supply Depot  
  45  3:52  SCV, Starport Tech Lab  
  46  3:58  SCV  
  47  4:04  SCV  
  47  4:05  Barracks  
  48  4:10  SCV  
  48  4:13  Cyclone  
  48  4:14  Marine x2  
  48  4:16  SCV  
  55  4:22  SCV  
  56  4:28  SCV  
  53  4:35  SCV, Marine x2  
  50  4:40  SCV  
  50  4:41  Refinery  
  50  4:42  Engineering Bay  
  50  4:43  Barracks  
  49  4:47  SCV  
  53  4:52  Siege Tank, SCV  
  53  4:59  SCV  
  55  5:05  SCV  
  53  5:07  Viking  
  53  5:08  Viking  
  53  5:10  Marine, Stimpack  
  53  5:11  SCV, Marine  
  60  5:16  Refinery  
  60  5:17  SCV  
  60  5:18  Supply Depot  
  60  5:19  Supply Depot  
  61  5:23  SCV  
  61  5:25  Siege Tank  
  61  5:28  Marine  
  64  5:29  SCV, Marine  
  64  5:35  SCV  
  66  5:37  Viking  
  66  5:40  Supply Depot  
  66  5:41  SCV, Viking  
  71  5:43  Supply Depot  
  71  5:45  Marine  
  71  5:46  Marine  
  71  5:47  SCV  
  71  5:49  Marine  
  75  5:54  Terran Infantry Weapons Level 1  
  75  5:55  SCV  
  76  5:59  SCV  
  76  6:02  Siege Tank  
  81  6:04  Marine  
  81  6:06  Marine  
  83  6:18  Command Center  
  82  6:22  Marine  
  82  6:23  Supply Depot, Marine  
  82  6:24  Starport Reactor  
  84  6:27  SCV  
  84  6:28  SCV  
  84  6:30  Marauder  
  86  6:40  SCV  
  86  6:41  SCV  
  86  6:43  Combat Shield  
  86  6:46  Marine x2, Marauder  
  92  6:47  Bunker  
  92  6:49  Factory Reactor  
  92  6:52  Concussive Shells, Marauder  
  94  7:00  Medivac x2  
  98  7:06  Barracks  
  98  7:10  Marine x2  
  98  7:11  Marauder  
  102  7:18  Barracks  
  102  7:20  Marauder  
  102  7:21  SCV  
  105  7:22  SCV  
  105  7:24  Supply Depot  
  105  7:29  Widow Mine x2  
  109  7:32  Missile Turret  
  109  7:34  Medivac  
  111  7:42  Supply Depot  
  111  7:43  Supply Depot, Missile Turret  
  111  7:44  Viking  
  111  7:51  SCV x2  
  113  8:04  Marine x2, Marauder x2  
  119  8:05  Barracks Tech Lab, Barracks Reactor  
  119  8:07  SCV x2  
  119  8:09  Terran Infantry Armor Level 1  
  119  8:12  Widow Mine x2  
  125  8:22  Orbital Command  
  125  8:29  Marine x2, Marauder x2  
  125  8:30  Missile Turret  
  125  8:31  SCV x2  
  127  8:42  Marine x2  
  127  8:46  Widow Mine  
  127  8:47  Marine  
  125  8:51  Marauder x2, Widow Mine  
  129  8:58  SCV x3, Ghost Academy  
  132  9:05  Marine x3  
  132  9:06  Marine, Marauder  
  132  9:08  Widow Mine  
  132  9:09  Supply Depot, Bunker  
  140  9:10  SCV  
  140  9:11  Medivac  
  140  9:15  SCV  
  140  9:24  SCV  
  140  9:25  Viking  
  140  9:28  SCV x2  
  140  9:30  Ghost x2  
  146  9:31  Ghost  
  149  9:41  Viking  
  149  9:45  Marine, Command Center  
  154  9:56  Marine x2  
  156  10:00  Marauder x2  
  156  10:06  Factory Tech Lab  
  156  10:08  Barracks  
  156  10:10  Barracks  
  156  10:11  Barracks, Viking x2  
  156  10:12  Marine x2, Marauder  
  161  10:24  Marine x2, Marauder x2  
  161  10:25  Siege Tank  
  161  10:29  Armory  
  161  10:31  Engineering Bay  
  161  10:32  SCV  
  161  10:33  SCV x2  
  156  10:36  Marine  
  156  10:37  Marine, Marauder  
  160  10:44  Medivac x2  
  160  10:45  SCV  
  160  10:49  Refinery  
  165  10:51  Refinery  
  165  10:56  Marine x2  
  165  10:57  SCV, Marauder x2  
  170  11:04  Barracks Tech Lab x2  
  172  11:16  SCV x2  
  178  11:18  Widow Mine x2  
  178  11:20  Medivac  
  178  11:23  Terran Infantry Armor Level 2, Terran Infantry Weapons Level 2  
  180  11:28  Medivac  
  180  11:32  Planetary Fortress  
  177  11:37  Marauder x2  
  177  11:39  SCV x2  
  179  11:45  Marauder  
  180  11:47  Marauder  
  180  11:50  Marauder  
  180  11:55  Viking  
  180  11:56  Marine x2  
  180  11:59  Viking  
  180  12:03  SCV, Marine x2  
  180  12:14  Marauder  
  180  12:15  Marine  
  180  12:18  Marine  
  180  12:19  SCV x3  
  180  12:20  Marauder x2, Widow Mine x2  
  180  12:21  Marauder  
  178  12:24  Marine x2  
  178  12:29  Marine  
  165  12:31  SCV  
  165  12:32  Medivac x2  
  165  12:34  SCV x2, Marauder  
  165  12:35  Marauder  
  165  12:36  Marine  
  177  12:42  Ghost x2  
  177  12:43  Marine x2  
  185  12:44  SCV  
  185  12:45  SCV  
  185  12:46  SCV  
  188  13:03  Command Center  
  188  13:04  SCV, Ghost x2  
  188  13:07  Marine x2  
  188  13:08  Marauder  
  188  13:11  Marauder  
  188  13:12  Viking x2  
  178  13:15  Ghost  
  181  13:22  Starport  
  181  13:23  Ghost  
  181  13:25  Marine  
  181  13:26  Marine x3  
  188  13:41  Widow Mine x2  
  180  13:53  Terran Infantry Weapons Level 3  
  165  14:16  Supply Depot  
  165  14:17  Supply Depot  
  165  14:18  Supply Depot  
  163  14:26  Marine  
  163  14:27  Marauder  
  163  14:28  Marine  
  163  14:39  Terran Infantry Armor Level 3, SCV x2, Marine x2  
  163  14:40  Marauder x2  
  171  14:49  Supply Depot  
  171  14:50  Supply Depot x2, SCV, Marine x3  
  171  14:51  Marauder x2  
  178  14:54  Orbital Command, SCV  
  179  15:00  Marine x2  
  179  15:01  Marauder  
  179  15:04  Marauder  
  179  15:06  Marauder  
  175  15:08  Marine x2, Marauder  
  175  15:12  Marauder x2  
  175  15:16  Command Center  
  175  15:17  Marine  
  175  15:18  Marine  
  171  15:26  Marine  
  171  15:28  Marine  
  172  15:33  Marine  
  172  15:57  Supply Depot  
  172  15:59  Marine, Marauder  
  172  16:01  Marine, Marauder  
  172  16:02  Marine, Marauder  
  172  16:04  Orbital Command, Marine  
  172  16:05  Marauder x3  
  165  16:17  Marine  
  166  16:19  Marine  
  166  16:20  Marine  
  166  16:21  Marauder  
  166  16:22  Marine  
  166  16:23  Marauder  
  166  16:24  Marauder  
  174  16:29  Viking x2  
  175  16:33  Marine x2, Marauder  
  175  16:35  Marine  
  175  16:37  Marine x2  
  165  16:42  Marauder  
  165  16:44  Marauder  
  165  16:45  Marauder  
  165  16:46  Marine  
  162  16:51  Marauder x2  
  164  16:58  Marine x2, Marauder  
  164  16:59  Marine, Viking x2  
  167  17:04  Marine, Marauder  
  167  17:06  Marine, Marauder  
  163  17:11  SCV x3  
  163  17:12  SCV, Marine  
  163  17:13  Orbital Command, Refinery, Marauder, Command Center  
  163  17:14  Refinery  
  169  17:16  Marine x2  
  169  17:17  Marine  
  169  17:20  Marine  
  169  17:22  Marine  
  170  17:23  SCV  
  170  17:24  Marauder  
  170  17:25  Marauder  
  170  17:27  Marauder  
  170  17:28  SCV x3  
  160  17:30  Marine  
  160  17:33  Marine  
  160  17:34  Marine  
  158  17:38  Marauder  
  149  17:49  Marine x4  
  149  17:50  Marauder x3  
  159  17:52  Marauder  
  159  17:55  Marine  
  157  17:59  Marauder  
  152  18:06  Marine, Ghost  
  152  18:08  Marine x2  
  152  18:11  Marine  
  150  18:20  Supply Depot x2  
  150  18:21  Supply Depot  
  150  18:25  Ghost  
  144  18:27  Marine x2  
  144  18:28  Marauder x2  
  144  18:29  Marine x2, Marauder  
  135  18:37  Marine  
  135  18:38  Marauder  
  138  18:45  Marine  
  138  18:49  Marauder  
  132  18:56  Marine x3  
  132  18:57  Marauder x2  
  132  19:00  Marine x2  
  132  19:01  Marauder  
Tags
 
Add a new tag
Caveats
  • Supply blocks, unpowered buildings, or Contaminate may cause inaccurate times.
  • Supply counts are checked every 10 seconds.